 Dungeon Crawl Stone Soup version 0.30-a0-145-g03d90e2e6d (webtiles) character file.

Game seed: 4514038943921178065

129 qw the Shield-Bearer (level 5, -1/32 HPs)
             Began as a Gargoyle Fighter on Sept 26, 2022.
             Slain by an orc
             ... wielding a +0 hand axe
              (5 damage)
             ... on level 3 of the Dungeon.
             The game lasted 00:00:53 (2353 turns).

qw the Shield-Bearer (Gargoyle Fighter)             Turns: 2353, Time: 00:00:53

Health: -1/32      AC: 10    Str: 21    XL:     5   Next: 12%
Magic:  5/5        EV:  8    Int:  9    God:
Gold:   106        SH:  8    Dex:  9    Spells: 4/4 levels left

rFire   . . .      SeeInvis .    Y - +0 war axe
rCold   . . .      Faith    .    e - +0 kite shield
rNeg    + . .      Spirit   .    b - +0 scale mail
rPois   inf        Reflect  .    (no helmet)
rElec   +          Harm     .    (no cloak)
rCorr   .          Rampage  .    (no gloves)
Will    .....                    (no boots)
Stlth   ..........               (no amulet)
HPRegen 0.10/turn                (no ring)
MPRegen 0.09/turn                (no ring)

@: no status effects
A: sickness immunity, AC +4, negative energy resistance 1, electricity
resistance, torment resistance 1, petrification resistance
a: no special abilities


You were on level 3 of the Dungeon.
You visited 1 branch of the dungeon, and saw 3 of its levels.

You collected 148 gold pieces.
You spent 42 gold pieces at shops.


Innate Abilities, Weirdness & Mutations

You are immune to sickness and miasma.
Your stone body is resilient. (AC +4)
You are immune to poison.
You resist negative energy. (rN+)
You are resistant to electric shocks. (rElec)
You are resistant to unholy torment.
You are immune to petrification.


   Skills:
 - Level 3.2 Fighting
 - Level 4.0 Axes
 - Level 3.2 Armour
 + Level 4.4 Shields


You had 4 spell levels left.
You didn't know any spells.
Your spell library was empty.

Inventory:

Hand Weapons
 i - a +0 club
 Y - a +0 war axe (weapon)
Armour
 b - a +0 scale mail (worn)
 e - a +0 kite shield (worn)
Scrolls
 h - a scroll of identify
Potions
 d - 2 potions of might
 f - a potion of attraction
 j - a potion of curing

Dungeon Overview and Level Annotations

Branches:
Dungeon (3/15)

Altars:

Shops:
D:2 (![([


Message History

You barely miss the gnoll.
The gnoll is severely wounded.
You hit the gnoll.
You kill the gnoll!
You barely miss the orc. The orc hits you but does no damage.
The gnoll barely misses you. The orc hits you but does no damage.
You block the gnoll's attack.
You have reached level 5!
You barely miss the gnoll.
The gnoll is severely wounded.
You barely miss the orc. You block the orc's attack.
You block the gnoll's attack.
You completely miss the gnoll.
The gnoll is severely wounded.
You hit the orc.
You kill the orc!
The gnoll hits you with a +0 whip. You block the gnoll's attack.
The orc priest calls down the wrath of Beogh upon you.
Beogh smites you! The frilled lizard barely misses you.
Your Axes skill increases to level 4!
You barely miss the gnoll.
The gnoll is severely wounded.
You hit the frilled lizard.
You kill the frilled lizard!
You block the gnoll's attack.
You barely miss the gnoll.
The gnoll is severely wounded.
You hit the orc but do no damage. The orc hits you but does no damage.
The gnoll hits you but does no damage. The gnoll hits you with a +0 whip.
You slash the gnoll!
You kill the gnoll!
You hit the orc. The orc hits you but does no damage.
You hit the orc but do no damage.
The orc is moderately wounded.
You slash the orc priest! You closely miss the orc.
The orc priest hits you but does no damage.
The orc barely misses you. The orc hits you with a +0 hand axe.
You die...

## .. ..#...
...#.##.#..###
##.#.........##
##.....#.#.#...##
.#...#.........¤..
.............¤~~~~
........%.<..~)¤..
......oo.#...¤¤###
......o@.#...¤.#
#....#####...¤.#
##.. #.#.~... #..
#.#.~.### #o
#.#.¤... #
..#.~~~~


You could see an orc priest and 2 orcs.

Vanquished Creatures
  Jessica (D:2)
  3 gnolls (D:3)
  An adder (D:2)
  2 worms
  An orc (D:3)
  9 endoplasms
  7 goblins
  3 hobgoblins
  3 quokkas (D:1)
  7 ball pythons
  6 bats
  2 frilled lizards (D:3)
  4 kobolds
  8 rats
57 creatures vanquished.

Vanquished Creatures (others)
  A plant (D:1)
1 creature vanquished.

Grand Total: 58 creatures vanquished

Notes
Turn   | Place    | Note
-------+----------+-------------------------------------------
     0 | D:1      | qw the Gargoyle Fighter began the quest for the Orb.
     0 | D:1      | Reached XP level 1. HP: 14/14 MP: 1/1
     0 | D:1      | 0 ||| qw: Version: 0.2-a-10-g399e6c4
     0 | D:1      | 0 ||| qw: Game counter: 512
     0 | D:1      | 0 ||| qw: Always use a shield: true
     0 | D:1      | 0 ||| qw: God list: Okawaru
     0 | D:1      | 0 ||| qw: Allow faded altars: false
     0 | D:1      | 0 ||| qw: Do Orc after D:15 true
     0 | D:1      | 0 ||| qw: Do second Lair branch before Depths: true
     0 | D:1      | 0 ||| qw: Lair rune preference: random
     0 | D:1      | 0 ||| qw: Plans: Normal, Zot:1-4, God:TSO, Crypt, Tomb,
                  | Pan, Slime:5, Hells, Abyss, Orb
     0 | D:1      | 0 ||| PLANNING D:1-11
    85 | D:1      | Reached XP level 2. HP: 13/19 MP: 2/2
   384 | D:1      | Found a faded altar of an unknown god.
   595 | D:1      | 595 ||| Stepping ~*~*~tactically~*~*~ (stealth).
   599 | D:1      | 599 ||| Stepping ~*~*~tactically~*~*~ (stealth).
   600 | D:1      | 600 ||| Stepping ~*~*~tactically~*~*~ (stealth).
   684 | D:1      | 684 ||| Stepping ~*~*~tactically~*~*~ (stealth).
   697 | D:1      | 697 ||| Stepping ~*~*~tactically~*~*~ (stealth).
   698 | D:1      | 698 ||| Stepping ~*~*~tactically~*~*~ (stealth).
   706 | D:1      | Reached skill level 3 in Axes
   711 | D:1      | Reached XP level 3. HP: 16/23 MP: 3/3
   753 | D:1      | 753 ||| Stepping ~*~*~tactically~*~*~ (stealth).
  1209 | D:1      | 1209 ||| UPGRADING to +0 kite shield.
  1219 | D:1      | 1219 ||| DROPPING +0 buckler.
  1220 | D:1      | 1220 ||| DROPPING ring of wizardry.
  1221 | D:1      | 1221 ||| READING scroll labelled BUMIBA XEBRA.
  1222 | D:1      | 1222 ||| READING 2 scrolls labelled PUED LUARRENG.
  1223 | D:1      | 1223 ||| READING scroll labelled LYDUOWN YCWI.
  1262 | D:2      | Found Voanopi's Antique Armour Emporium.
  1270 | D:2      | 1270 ||| SHOPLISTING chain mail (90 gold, have 46).
  1270 | D:2      | 1270 ||| SHOPLISTING cloak (90 gold, have 46).
  1270 | D:2      | 1270 ||| SHOPLISTING ice dragon scales (1200 gold, have
                  | 46).
  1270 | D:2      | 1270 ||| SHOPLISTING shiny ring mail (140 gold, have 46).
  1313 | D:2      | Found Voneal's Antique Weapon Boutique.
  1322 | D:2      | 1322 ||| SHOPLISTING runed flail (195 gold, have 46).
  1322 | D:2      | 1322 ||| SHOPLISTING whip (75 gold, have 46).
  1448 | D:2      | Found Cobah's Antique Armour Shop.
  1453 | D:2      | 1453 ||| SHOPLISTING helmet (135 gold, have 51).
  1453 | D:2      | 1453 ||| SHOPLISTING tower shield (135 gold, have 51).
  1597 | D:2      | Noticed Jessica
  1603 | D:2      | Killed Jessica
  1604 | D:2      | Reached XP level 4. HP: 28/28 MP: 4/4
  1607 | D:2      | 1607 ||| Stepping ~*~*~tactically~*~*~ (stealth).
  1769 | D:2      | Found Vel Uhie's Distillery.
  1831 | D:2      | 1831 ||| BUYING potion of attraction (42 gold).
  1831 | D:2      | Bought a potion of attraction for 42 gold pieces
  1831 | D:2      | 1831 ||| SHOPLISTING potion of attraction (42 gold, have
                  | 28).
  1831 | D:2      | 1831 ||| SHOPLISTING potion of curing (42 gold, have 28).
  1831 | D:2      | 1831 ||| SHOPLISTING potion of heal wounds (70 gold, have
                  | 28).
  1831 | D:2      | 1831 ||| SHOPLISTING potion of might (56 gold, have 28).
  1953 | D:2      | Found Idihiu's Weapon Boutique.
  2260 | D:2      | 2260 ||| READING scroll labelled DOUBYK GAOTOOM.
  2264 | D:2      | 2264 ||| READING 4 scrolls of identify.
  2264 | D:2      | 2264 ||| IDENTIFYING grey potion
  2265 | D:2      | 2265 ||| READING 3 scrolls of identify.
  2265 | D:2      | 2265 ||| IDENTIFYING fuming inky potion
  2266 | D:2      | 2266 ||| READING 2 scrolls of identify.
  2266 | D:2      | 2266 ||| IDENTIFYING inky potion
  2267 | D:2      | 2267 ||| DROPPING potion of degeneration.
  2268 | D:2      | 2268 ||| DROPPING potion of magic.
  2339 | D:3      | 2339 ||| Stepping ~*~*~tactically~*~*~ (stealth).
  2348 | D:3      | Reached XP level 5. HP: 24/32 MP: 5/5
  2349 | D:3      | HP: 5/32 [orc priest/divine providence (14)]
  2353 | D:3      | Slain by an orc

Levels and vault maps discovered:
D:1:      lemuel_arrival_hallway, layout_basic,
          hellmonk_ecumenical_altar_blasted, serial_bayou_pond_d,
          skrybe_limestone_x
D:2:      layout_basic, serial_shops, shop_coins, nicolae_shop_waterfront,
          shop_fountains, nicolae_shop_waterfront, nicolae_shop_hallway_plus,
          minivault_11, hex_tiny, uniq_jessica
D:3:      layout_rooms, mainiacjoe_overflow_alcove_2,
          mainiacjoe_overflow_brackets, uniq_crazy_yiuf_cottage

Skill      XL: |  1  2  3  4  5 |
---------------+----------------+-----
Axes           | 2 3 4 |  4.0
Shields        | 4 |  4.4
Fighting       | |  3.2
Armour         | |  3.2

Action                   |  1- 3 |  4- 6 || total
-------------------------+-------+-------++-------
Melee: War axe           |   104 |    45 ||   149
  Use: Scroll            |     3 |     4 ||     7
Armor: Scale mail        |    49 |    19 ||    68
Dodge: Dodged            |    41 |    15 ||    56
Block: Buckler           |    11 |       ||    11
       Kite shield       |    11 |    19 ||    30

Table legend:
 A = Non-vault XP
 B = Vault XP
 C = Vault XP percentage of total XP
 D = Non-vault monster count
 E = Vault monster count
 F = Vault count percentage of total count
                 A         B        C        D         E       F
            +---------+---------+-------+---------+---------+-------
      Total |     148 |      37 |  20.0 |      56 |       1 |   1.8
            +---------+---------+-------+---------+---------+-------
        D:1 |      45 |       0 |   0.0 |      26 |       0 |   0.0
        D:2 |      49 |      37 |  43.0 |      22 |       1 |   4.3
        D:3 |      54 |       0 |   0.0 |       8 |       0 |   0.0
            +---------+---------+-------+---------+---------+-------
